 Dungeon Crawl Stone Soup version 0.26.1-11-gd32895ea62 (webtiles) character file.

Game seed: 7652143768430646632

182 phalm the Conjurer (level 5, 0/37 HPs)
             Began as a Gnoll Conjurer on May 13, 2021.
             Killed from afar by Natasha (6 damage)
             ... with a magic dart
             ... on level 4 of the Dungeon.
             The game lasted 00:05:10 (3099 turns).

phalm the Conjurer (Gnoll Conjurer)                 Turns: 3099, Time: 00:05:11

Health: 0/37       AC:  3    Str: 10    XL:     5   Next: 61%
Magic:  7/12       EV: 18    Int: 21    God:
Gold:   144        SH:  0    Dex: 13    Spells: 11/14 levels left

rFire    . . .     SeeInvis .   e - +1 short sword (drain)
rCold    . . .     Faith    .   (no shield)
rNeg     . . .     Spirit   .   a - +0 robe
rPois    .         Reflect  .   b - +0 helmet
rElec    .         Harm     .   (no cloak)
rCorr    .         Rampage  .   (no gloves)
Will     .....                  (no boots)
Stlth    +++.......             (no amulet)
HPRegen  0.12/turn              E - +4 ring of evasion
MPRegen  0.13/turn              (no ring)

@: slowed, very slow
A: distributed training, fangs 1, strong nose
a: no special abilities


You were on level 4 of the Dungeon.
You visited 1 branch of the dungeon, and saw 4 of its levels.

You collected 144 gold pieces.


Innate Abilities, Weirdness & Mutations

Your experience applies equally to all skills.
You have very sharp teeth.
Your uncanny sense of smell can sniff out nearby items.


   Skills:
 + Level 1.5 Fighting
 + Level 1.5 Short Blades
 + Level 1.5 Long Blades
 + Level 1.5 Axes
 + Level 1.5 Maces & Flails
 + Level 1.5 Polearms
 + Level 1.5 Staves
 + Level 1.5 Slings
 + Level 1.5 Bows
 + Level 1.5 Crossbows
 + Level 1.5 Throwing
 + Level 1.5 Armour
 + Level 4.8 Dodging
 + Level 4.4 Stealth
 + Level 1.5 Shields
 + Level 1.5 Unarmed Combat
 + Level 5.2 Spellcasting
 + Level 7.2 Conjurations
 + Level 1.2 Hexes
 + Level 1.2 Summonings
 + Level 1.2 Necromancy
 + Level 1.2 Translocations
 + Level 1.2 Transmutations
 + Level 1.2 Fire Magic
 + Level 1.2 Ice Magic
 + Level 1.2 Air Magic
 + Level 1.2 Earth Magic
 + Level 1.2 Poison Magic
 + Level 1.7 Invocations
 + Level 1.5 Evocations


You had 11 spell levels left.
You knew the following spells:

 Your Spells              Type           Power        Failure   Level
m - Magic Dart            Conj           100%         1%          1
s - Searing Ray           Conj           70%          1%          2

Your spell library contained the following spells:

 Spells                   Type           Power        Failure   Level
 Dazzling Flash           Conj/Hex       46%          5%          3
 Fulminant Prism          Conj/Hex       11%          19%         4
 Iskenderun's Mystic Bla  Conj/Tloc      23%          19%         4

Inventory:

Hand Weapons
 e - a +1 short sword of draining (weapon)
   (You found it on level 1 of the Dungeon)
Missiles
 d - 52 bolts
 h - 35 poisoned darts
 m - 33 sling bullets
 s - 6 javelins
 u - 9 boomerangs
Armour
 a - a +0 robe (worn)
 b - a +0 helmet (worn)
   (You found it on level 3 of the Dungeon)
Jewellery
 E - a +4 ring of evasion (left hand)
   (You found it on level 4 of the Dungeon)
Wands
 v - a wand of iceblast (13)
   (You found it on level 3 of the Dungeon)
Scrolls
 c - 7 scrolls of remove curse {unknown}
 i - a scroll of amnesia
 j - 3 scrolls of teleportation {@r4}
 n - a scroll of fear
 o - a scroll of magic mapping {!r}
 w - a scroll of fog {unknown}
Potions
 f - a potion of attraction {!q}
 g - 2 potions of might
 k - a potion of curing {@q1}
 l - a potion of haste {@q3}
 p - a potion of brilliance {unknown}
 q - a potion of flight {unknown}
 r - 2 potions of lignification {unknown}
 t - a potion of degeneration {unknown}

Dungeon Overview and Level Annotations

Branches:
Dungeon (4/15)
 Temple: D:4-7

Altars:
Ashenzari
Dithmenos
Vehumet

Annotations:
D:4 Natasha

.......................
...######.#.....#..#...
...............#..###.
..........)..#.......
.....................
.#....#.#.).......... #.
#....#.##.##........ #.
#....#.##.##..#....# ##..
#..@.#.##.##........
.....+.h.##..............
##....#...####............
..........................
.............#....†.......
.......#.#........#..#....
..................#..#....
..................+.......
∆..#.............)##.##.#.


You could see Natasha.


Message History

😮 MP[-1]
You lost 1 mp, and now have 4/12 mp.
Aiming: Magic Dart (safe; 1% risk of failure)
Press: ? - help, Q - select action, (/) - cycle Shift-Dir - straight line, f/p - orc priest
Aim: an orc priest, wielding a +0 short sword and wearing a +0 leather armour (moderately wounded, 0% to evade)
The magic dart hits the orc priest.
The orc priest looks braver for a moment. 😮 MP[-1]
You lost 1 mp, and now have 3/12 mp.
Aiming: Magic Dart (safe; 1% risk of failure)
Press: ? - help, Q - select action, (/) - cycle Shift-Dir - straight line, f/p - orc priest
Aim: an orc priest, wielding a +0 short sword and wearing a +0 leather armour (moderately wounded, 0% to evade)
The magic dart hits the orc priest.
The orc priest begins to cast a cantrip, but forgets the words! 😮 MP[-1]
You lost 1 mp, and now have 2/12 mp.
Aiming: Magic Dart (safe; 1% risk of failure)
Press: ? - help, Q - select action, (/) - cycle Shift-Dir - straight line, f/p - orc priest
Aim: an orc priest, wielding a +0 short sword and wearing a +0 leather armour (severely wounded, 0% to evade)
The magic dart hits the orc priest.
You kill the orc priest! 😮 MP[-1]
You lost 1 mp, and now have 1/12 mp.
Natasha, Servant of Life and Death comes into view. 😕 HP[+5] MP[+5]
You regained 5 hp, and now have 29/37 hp.
You regained 5 mp, and now have 6/12 mp. 😕 MP[+1] 😕 HP[+1]
You start resting.
Natasha misses you.
Natasha is nearby! 😕 MP[+1]
Casting: Magic Dart (safe; 1% risk of failure)
Confirm with . or Enter, or press ? or * to list all spells.
Aiming: Searing Ray (safe; 1% risk of failure)
Press: ? - help, Shift-Dir - straight line, f - Natasha
Aim: Natasha (24% to evade)
The searing ray hits Natasha! (Press . to maintain the ray.) Natasha closely misses you. 😕 MP[-2]
You lost 2 mp, and now have 6/12 mp.
The searing ray hits Natasha!
You kill Natasha!
Natasha screams in pain as she dies! 😕 MP[-1]
You lost 1 mp, and now have 5/12 mp.
Things that are here:
a +0 falchion; a +0 leather armour; an orc corpse 😎 HP[+7] MP[+7]
Your hp is fully restored (37).
Your mp is fully restored (12).
Items here: )) [ †.
d - 52 bolts (gained 14)
Items here: )) [ †.
g - 2 potions of might (gained 1) Menkaure, Prince of Dust comes into view.
You see here 12 gold pieces.
You now have 144 gold pieces (gained 12).
An adder comes into view.
Menkaure shouts!
Menkaure casts a spell.
Menkaure seems to speed up.
Natasha, Servant of Life and Death comes into view.
Natasha hisses angrily.
Natasha casts a spell at you.
You feel yourself slow down.
Menkaure draws the symbol "Udjat" in the dust.
Casting: Searing Ray (safe; 1% risk of failure)
Confirm with . or Enter, or press ? or * to list all spells.
Aiming: Searing Ray (safe; 1% risk of failure)
Press: ? - help, Shift-Dir - straight line, f - Natasha
Aim: Natasha (24% to evade)
The searing ray hits Menkaure.
The searing ray misses Natasha. (Press . to maintain the ray.) 😎 MP[-2]
You lost 2 mp, and now have 10/12 mp.
The searing ray hits Menkaure!
The searing ray hits Natasha!
Menkaure misses you. Menkaure completely misses you.
Natasha barely misses you. 😎 MP[-1]
You lost 1 mp, and now have 9/12 mp.
The searing ray hits Menkaure!
Menkaure calls on the powers of darkness!
Natasha convulses!
Your body is wracked with pain!
Natasha stares at you and mumbles some strange words.
The magic dart hits you!
* * * LOW HITPOINT WARNING * * *
Menkaure hits you.
* * * LOW HITPOINT WARNING * * *
😱 HP[-31] MP[-1]
You take 31 damage, and now have 6/37 hp.
MASSIVE DAMAGE!! (PAUSE)
You lost 1 mp, and now have 8/12 mp.
The searing ray hits Menkaure.
You destroy Menkaure!
You finish channeling your searing ray.
Natasha misses you. Natasha casts a spell at you. The magic dart hits you.
You die...

Skill      XL: |  1  2  3  4 |
---------------+-------------+-----
Spellcasting   | 5 |  5.2
Invocations    | 1 |  1.7
Fighting       | 1 |  1.5
Short Blades   | 1 |  1.5
Long Blades    | 1 |  1.5
Axes           | 1 |  1.5
Maces & Flails | 1 |  1.5
Polearms       | 1 |  1.5
Staves         | 1 |  1.5
Slings         | 1 |  1.5
Bows           | 1 |  1.5
Crossbows      | 1 |  1.5
Throwing       | 1 |  1.5
Armour         | 1 |  1.5
Shields        | 1 |  1.5
Unarmed Combat | 1 |  1.5
Evocations     | 1 |  1.5
Hexes          | 1 |  1.2
Summonings     | 1 |  1.2
Necromancy     | 1 |  1.2
Translocations | 1 |  1.2
Transmutations | 1 |  1.2
Fire Magic     | 1 |  1.2
Ice Magic      | 1 |  1.2
Air Magic      | 1 |  1.2
Earth Magic    | 1 |  1.2
Poison Magic   | 1 |  1.2
Dodging        | |  4.8
Stealth        | |  4.4
Conjurations   | |  7.2

Action                   |  1- 3 |  4- 6 || total
-------------------------+-------+-------++-------
 Cast: Magic Dart        |    52 |    50 ||   102
       Searing Ray       |       |     3 ||     3
  Use: Scroll            |       |     9 ||     9
Dodge: Dodged            |     1 |     9 ||    10

Levels and vault maps discovered:
D:1:      minmay_arrival_diagonal_passages, layout_loops_ring
D:2:      layout_loops_corners, gammafunk_temple_overflow_claw, uniq_terence
D:3:      layout_rooms, serial_park_tiny_pond
D:4:      layout_basic, nrook_campfire, trog_eyes_of_draining, uniq_natasha,
          uniq_menkaure

Notes
Turn   | Place    | Note
-------+----------+-------------------------------------------
     0 | D:1      | phalm the Gnoll Conjurer began the quest for the Orb.
     0 | D:1      | Reached XP level 1. HP: 13/13 MP: 6/6
     0 | D:1      | magus.rc [v1.9.10]
   246 | D:1      | Reached XP level 2. HP: 19/19 MP: 4/7
   974 | D:2      | Noticed Terence
   981 | D:2      | Killed Terence
   982 | D:2      | Reached skill level 5 in Spellcasting
   982 | D:2      | Reached skill level 1 in Invocations
   982 | D:2      | Reached XP level 3. HP: 25/25 MP: 0/9
   995 | D:2      | Learned a level 2 spell: Searing Ray
  1278 | D:2      | Reached skill level 1 in Fighting
  1278 | D:2      | Reached skill level 1 in Short Blades
  1278 | D:2      | Reached skill level 1 in Long Blades
  1278 | D:2      | Reached skill level 1 in Axes
  1278 | D:2      | Reached skill level 1 in Maces & Flails
  1278 | D:2      | Reached skill level 1 in Polearms
  1278 | D:2      | Reached skill level 1 in Staves
  1278 | D:2      | Reached skill level 1 in Slings
  1278 | D:2      | Reached skill level 1 in Bows
  1278 | D:2      | Reached skill level 1 in Crossbows
  1278 | D:2      | Reached skill level 1 in Throwing
  1278 | D:2      | Reached skill level 1 in Armour
  1278 | D:2      | Reached skill level 1 in Shields
  1278 | D:2      | Reached skill level 1 in Unarmed Combat
  1278 | D:2      | Reached skill level 1 in Evocations
  1405 | D:2      | magus.rc [v1.9.10]
  1412 | D:2      | Reached XP level 4. HP: 32/32 MP: 2/11
  1531 | D:2      | Found a broken altar of Ashenzari.
  1531 | D:2      | Found a shadowy altar of Dithmenos.
  1895 | D:2      | Found a radiant altar of Vehumet.
  2774 | D:4      | Reached skill level 1 in Hexes
  2774 | D:4      | Reached skill level 1 in Summonings
  2774 | D:4      | Reached skill level 1 in Necromancy
  2774 | D:4      | Reached skill level 1 in Translocations
  2774 | D:4      | Reached skill level 1 in Transmutations
  2774 | D:4      | Reached skill level 1 in Fire Magic
  2774 | D:4      | Reached skill level 1 in Ice Magic
  2774 | D:4      | Reached skill level 1 in Air Magic
  2774 | D:4      | Reached skill level 1 in Earth Magic
  2774 | D:4      | Reached skill level 1 in Poison Magic
  2882 | D:4      | Noticed Natasha
  2884 | D:4      | Killed Natasha
  2885 | D:4      | Reached XP level 5. HP: 37/37 MP: 8/12
  2969 | D:4      | Noticed Natasha
  2981 | D:4      | Killed Natasha
  3084 | D:4      | Noticed Menkaure
  3089 | D:4      | Noticed Natasha
  3098 | D:4      | HP: 6/37 [Menkaure (4)]
  3099 | D:4      | Killed Menkaure
  3099 | D:4      | Killed from afar by Natasha

Vanquished Creatures
  Menkaure (D:4)
  An orc priest (D:4)
  Terence (D:2)
  Natasha (twice) (D:4)
  2 adders
  An adder skeleton (D:4)
  A worm (D:2)
  3 leopard geckos
  5 orcs
  A giant cockroach (D:3)
  7 goblins
  4 hobgoblins
  3 jackals (D:2)
  6 kobolds
  7 bats
  3 frilled lizards
  5 rats
53 creatures vanquished.

Table legend:
 A = Non-vault XP
 B = Vault XP
 C = Vault XP percentage of total XP
 D = Non-vault monster count
 E = Vault monster count
 F = Vault count percentage of total count
                 A         B        C        D         E       F
            +---------+---------+-------+---------+---------+-------
      Total |     189 |     243 |  56.2 |      50 |       3 |   5.7
            +---------+---------+-------+---------+---------+-------
        D:1 |      29 |       0 |   0.0 |      18 |       0 |   0.0
        D:2 |      38 |      36 |  48.6 |      15 |       1 |   6.2
        D:3 |      20 |       0 |   0.0 |      10 |       0 |   0.0
        D:4 |     102 |     207 |  67.0 |       7 |       2 |  22.2
            +---------+---------+-------+---------+---------+-------

Illustrated notes

Table legend:
 A = Kills in this place as a percentage of kills in entire the game.
 B = Kills by you in this place as a percentage of kills by you in the entire game.
 C = Kills by friends in this place as a percentage of kills by friends in the entire game.
 D = Other kills in this place as a percentage of other kills in the entire game.
 E = Experience gained in this place as a percentage of experience gained in the entire game.
 F = Experience gained in this place divided by the number of levels of this place that you have seen.
                   A       B       C       D       E      F
               +-------+-------+-------+-------+-------+----------------------
         Total | 100.0 | 100.0 |   N/A |   N/A | 100.0 | 108.0
       Dungeon | 100.0 | 100.0 |   N/A |   N/A | 100.0 | 108.0
               +-------+-------+-------+-------+-------+----------------------

Table legend: (Time is in decaauts)
 A = Elapsed time spent in this place.
 B = Non-inter-level travel time spent in this place.
 C = Inter-level travel time spent in this place.
 D = Time resting spent in this place.
 E = Time spent auto-exploring this place.
 F = Levels seen in this place.
 G = Mean time per level.
                   A        B        C        D        E       F      G
               +--------+--------+--------+--------+--------+-----+--------+
         Total |   3100 |   3026 |     74 |      9 |   2777 |   4 |  775.0 |
       Dungeon |   3100 |   3026 |     74 |      9 |   2777 |   4 |  775.0 |
               +--------+--------+--------+--------+--------+-----+--------+

Top non-repeatable levels by time:
     D:2: 1250 daAuts
     D:1: 945 daAuts
     D:3: 569 daAuts
     D:4: 334 daAuts
